 Dungeon Crawl Stone Soup version 0.27-a0-1193-g8631133539 (webtiles) character file.

Game seed: 9672131778465894651

180 robertstho the Magician (level 5, -12/37 HPs)
             Began as a Djinni Ice Elementalist on May 26, 2021.
             Was an Initiate of Makhleb.
             Mangled by a kobold brigand
             ... wielding a +1 dagger of electrocution
              (19 damage)
             ... on level 3 of the Dungeon.
             The game lasted 00:05:54 (3974 turns).

robertstho the Magician (Djinni Ice Elementalist)   Turns: 3974, Time: 00:05:55

Health: -12/37     AC:  8    Str:  7    XL:     5   Next: 91%
Gold:   75         EV: 12    Int: 17    God:    Makhleb [......] SH:  0 Dex: 14

rFire    + + .     SeeInvis .   h - +2 whip (elec)
rCold    x . .     Faith    .   (no shield)
rNeg     . . .     Spirit   .   a - +0 robe
rPois    ∞         Reflect  .   (no helmet)
rElec    .         Harm     .   (no cloak)
rCorr    .         Rampage  .   (no gloves)
Will     .....                  (boots unavailable)
Stlth    ++........             (no amulet)
HPRegen  0.12/turn              (no ring)
MPRegen  0.00/turn              (no ring)

@: ice-armoured, freezing walls, flying
A: sickness immunity, fire resistance 2, cold vulnerability 1, float, innate
caster, hp casting, extra vitality 1
a: Renounce Religion


You were on level 3 of the Dungeon.
You worshipped Makhleb.
Makhleb was noncommittal.
You visited 1 branch of the dungeon, and saw 3 of its levels.

You collected 75 gold pieces.

Inventory:

Hand Weapons
 c - a +0 dagger
 h - a +2 whip of electrocution (weapon)
Armour
 a - a +0 robe (worn)
Jewellery
 d - a ring of poison resistance
 p - a ring of ice
Wands
 m - a wand of polymorph (8)
 q - a wand of paralysis (6)
Scrolls
 e - 2 scrolls of amnesia {unknown}
 j - a scroll of magic mapping {unknown}
 o - 2 scrolls of identify {unknown}
Potions
 b - a potion of haste {unknown}
 f - a potion of heal wounds {unknown}
 g - a potion of curing {unknown}
 i - 2 potions of resistance {unknown}
 k - 2 potions of flight {unknown}
 l - 2 potions of berserk rage {unknown}
 n - a potion of cancellation {unknown}


   Skills:
 * Level 1.6 Fighting
 + Level 1.3 Short Blades
 + Level 0.3 Maces & Flails
 + Level 2.6 Dodging
 + Level 2.0 Stealth
 * Level 4.4 Spellcasting


You couldn't memorise any spells.
You knew the following spells:

 Your Spells              Type           Power      Damage    Failure   Level
a - Freeze                Ice            72%        1d9       2%          1
b - Frozen Ramparts       Ice            36%        1d5       8%          3
c - Ozocubu's Armour      Ice            18%        N/A       8%          3
d - Hailstorm             Conj/Ice       18%        3d6       24%         4
e - Metabolic Englaciati  Hex/Ice        9%         N/A       56%         5
f - Shock                 Conj/Air       72%        1d7       2%          1
g - Static Discharge      Conj/Air       18%        N/A       3%          2
Your spell library was empty.

Dungeon Overview and Level Annotations

Branches:
Dungeon (3/15)

Altars:
Makhleb
Okawaru
Xom

Shops:
D:2 =

Annotations:
D:3 Belboz's ghost, amateur TrHu


Innate Abilities, Weirdness & Mutations

You are immune to sickness and miasma.
You are immune to poison.
Your flesh is very heat resistant. (rF++)
You are vulnerable to cold. (rC-)
You float through the air rather than walking.
You learn spells naturally, not from books.
Your magical power is your life essence.
You have superior vitality. (+4 HP)


Message History

Makhleb accepts your kill.
Unknown command.
The wall freezes Belboz's ghost.
Casting: Frozen Ramparts (dangerous; 8% risk of failure)
Confirm with . or Enter, or press ? or * to list all spells.
Aiming: Freeze (safe; 2% risk of failure)
Press: ? - help, Shift-Dir - straight line, f - Belboz's ghost
Aim: Belboz's ghost (lightly damaged)
You freeze Belboz's ghost.
Belboz's ghost is lightly damaged.
The wall freezes Belboz's ghost.
Belboz's ghost hits you!
The wall freezes the kobold brigand.
Casting: Freeze (safe; 2% risk of failure)
Confirm with . or Enter, or press ? or * to list all spells.
Aiming: Freeze (safe; 2% risk of failure)
Press: ? - help, Shift-Dir - straight line, f/p - Belboz's ghost
Aim: Belboz's ghost (moderately damaged)
You freeze Belboz's ghost.
Belboz's ghost is moderately damaged.
The wall freezes Belboz's ghost.
Belboz's ghost barely misses you.
The wall freezes the kobold brigand.
Casting: Freeze (safe; 2% risk of failure)
Confirm with . or Enter, or press ? or * to list all spells.
Aiming: Freeze (safe; 2% risk of failure)
Press: ? - help, Shift-Dir - straight line, f/p - Belboz's ghost
Aim: Belboz's ghost (moderately damaged)
You freeze Belboz's ghost.
Belboz's ghost is heavily damaged.
The wall freezes Belboz's ghost.
Belboz's ghost barely misses you.
The wall freezes the kobold brigand.
The kobold brigand misses you.
Casting: Freeze (safe; 2% risk of failure)
Confirm with . or Enter, or press ? or * to list all spells.
A film of ice covers your body!
The wall freezes Belboz's ghost.
Belboz's ghost hits you but does no damage.
The wall freezes the kobold brigand.
The kobold brigand hits you with a +1 dagger of electrocution!
* * * LOW HITPOINT WARNING * * *
You are electrocuted!!
Ouch! That really hurt!
You die...

######## #####..K...#
#......W@..# ########
#.##'''##.)#######.......
###.....##.).....#.......
#.#...#.#####...#.......
#⌠.#.#.⌠# #...........
#.#...#.# #....#######
##.....## #...........
##$$.## ###.....######
##### #......)......


You could see a kobold brigand and Belboz's ghost.

Vanquished Creatures
  A crimson imp (D:3)
  Robin (D:2)
  A gnoll (D:3)
  An adder (D:2)
  A worm (D:3)
  3 dart slugs
  5 ball pythons
  7 endoplasms
  4 giant cockroaches (D:1)
  17 goblins
  10 hobgoblins
  14 jackals
  14 kobolds
  3 quokkas
  6 bats
  2 frilled lizards
  6 rats
96 creatures vanquished.

Notes
Turn   | Place    | Note
-------+----------+-------------------------------------------
     0 | D:1      | robertstho the Djinni Ice Elementalist began the quest for
                  | the Orb.
     0 | D:1      | Reached XP level 1. HP: 15/15 MP: 0/0
    45 | D:1      | Reached XP level 2. HP: 4/21 MP: 0/0
   527 | D:1      | Found a faded altar of an unknown god.
   552 | D:1      | Reached XP level 3. HP: 17/26 MP: 0/0
   552 | D:1      | Learned a level 1 spell: Shock
  1657 | D:2      | Reached skill level 4 in Spellcasting
  1657 | D:2      | Reached XP level 4. HP: 20/31 MP: 0/0
  1994 | D:2      | Found Borretua's Jewellery Emporium.
  2137 | D:2      | Noticed Robin
  2157 | D:1      | Reached skill level 1 in Short Blades
  2386 | D:2      | Reached skill level 1 in Fighting
  2390 | D:2      | Killed Robin
  2724 | D:3      | Reached XP level 5. HP: 23/37 MP: 0/0
  2724 | D:3      | Learned a level 2 spell: Static Discharge
  2926 | D:3      | Found an iron altar of Okawaru.
  3287 | D:3      | Found a shimmering altar of Xom.
  3292 | D:3      | Found a burning altar of Makhleb.
  3302 | D:3      | Became a worshipper of Makhleb the Destroyer
  3708 | D:3      | Found a runed translucent gate.
  3709 | D:3      | Found a runed translucent gate.
  3710 | D:3      | Found a runed translucent gate.
  3712 | D:3      | Noticed Belboz's ghost (amateur TrHu)
  3713 | D:3      | Noticed a kobold brigand
  3974 | D:3      | Mangled by a kobold brigand

Illustrated notes

Levels and vault maps discovered:
D:1:      dpeg_arrival_simpleton_a, layout_loops_ring,
          shapermc_ecumenical_altar_mp_highgroup
D:2:      layout_rooms, serial_shops, nicolae_shop_crystal, uniq_robin
D:3:      layout_basic, grunt_temple_overflow_champion_of_chaos,
          okawaru_metal_pillars_1_2, gammafunk_ghost_nasty_kobolds, st_stairs_9

Skill      XL: |  1  2  3  4  5 |
---------------+----------------+-----
Spellcasting   | 4 |  4.4
Short Blades   | 1 |  1.3
Fighting       | 1 |  1.6
Stealth        | 2 |  2.0
Maces & Flails | |  0.3
Dodging        | |  2.6

Action                   |  1- 3 |  4- 6 || total
-------------------------+-------+-------++-------
Melee: Unarmed           |     4 |     1 ||     5
       Dagger            |    65 |     7 ||    72
       Whip              |       |    58 ||    58
 Cast: Freeze            |    28 |    18 ||    46
       Frozen Ramparts   |       |    16 ||    16
       Ozocubu's Armour  |       |     1 ||     1
 Stab: Sleeping          |     6 |     1 ||     7
Armor: Robe              |    15 |    20 ||    35
Dodge: Dodged            |    53 |    59 ||   112

Table legend: (Time is in decaauts)
 A = Elapsed time spent in this place.
 B = Non-inter-level travel time spent in this place.
 C = Inter-level travel time spent in this place.
 D = Time resting spent in this place.
 E = Time spent auto-exploring this place.
 F = Levels seen in this place.
 G = Mean time per level.
                   A        B        C        D        E       F      G
               +--------+--------+--------+--------+--------+-----+--------+
         Total |   3983 |   3895 |     88 |    323 |   3038 |   3 | 1327.7 |
       Dungeon |   3983 |   3895 |     88 |    323 |   3038 |   3 | 1327.7 |
               +--------+--------+--------+--------+--------+-----+--------+

Top non-repeatable levels by time:
     D:1: 1802 daAuts
     D:3: 1267 daAuts
     D:2: 912 daAuts
